 Dungeon Crawl Stone Soup version 0.21-a0-518-g43a1781 (webtiles) character file.

1378 Laiders the Blocker (level 8, 0/46 HPs)
             Began as a Gargoyle Fighter on Dec 5, 2017.
             Was an Initiate of Nemelex Xobeh.
             Killed by divine providence
             ... invoked by an orc priest
              (12 damage)
             ... on level 6 of the Dungeon.
             The game lasted 00:11:50 (4396 turns).

Laiders the Blocker (Gargoyle Fighter)              Turns: 4396, Time: 00:11:51

Health: 0/46       AC: 17    Str: 21    XL:     8   Next: 66%
Magic:  8/8        EV:  6    Int: 14    God:    Nemelex Xobeh [......]
Gold:   266        SH: 11    Dex:  9    Spells: 7/7 levels left

rFire    . . .     SeeInvis .   x - +2 flail (crush)
rCold    . . .     Gourm    .   c - +0 shield
rNeg     + . .     Faith    .   F - +0 chain mail
rPois    ∞         Spirit   .   (no helmet)
rElec    +         Reflect  .   k - +0 cloak
rCorr    .         Harm     .   C - +0 pair of gloves
MR       .....                  (no boots)
Stlth    ..........             j - amulet of rage
HPRegen  0.15/turn              A - +4 ring of intelligence
MPRegen  0.11/turn              (no ring)

@: no status effects
A: negative energy resistance 1, electricity resistance, unbreathing,
petrification resistance, rot immunity, AC +5
a: Renounce Religion, Evoke Berserk Rage


You were on level 6 of the Dungeon.
You worshipped Nemelex Xobeh.
Nemelex Xobeh was noncommittal.
You were not hungry.

You visited 1 branch of the dungeon, and saw 6 of its levels.

You collected 266 gold pieces.

Inventory:

Hand Weapons
 x - a +2 flail of crushing (weapon)
Missiles
 u - 5 tomahawks (quivered)
 G - 5 silver tomahawks
Armour
 c - a +0 shield (worn)
 k - a +0 cloak (worn)
 C - a +0 pair of gloves (worn)
 F - a +0 chain mail (worn)
Jewellery
 e - an uncursed amulet of magic regeneration
 j - an amulet of rage (around neck)
 A - a +4 ring of intelligence (left hand)
Scrolls
 a - a scroll of fog {unknown}
 l - a scroll of fear {unknown}
 n - a scroll of magic mapping {unknown}
 o - 3 scrolls of remove curse
 p - a scroll of blinking {unknown}
 r - a scroll of noise {unknown}
 s - a scroll of immolation {unknown}
 v - 4 scrolls of teleportation
 y - a scroll of amnesia {unknown}
 D - 2 scrolls of enchant weapon
 H - a scroll of random uselessness {unknown}
Potions
 d - a potion of might
 g - a potion of brilliance
 h - 2 potions of curing
 i - 3 potions of haste
 t - a potion of agility {unknown}
 w - 2 potions of magic
 z - a potion of degeneration {unknown}
 E - a potion of mutation {unknown}
Miscellaneous
 b - a plain deck of destruction
Comestibles
 f - 4 bread rations
 q - 3 royal jellies
 B - 2 meat rations


   Skills:
 - Level 3.2 Fighting
 + Level 7.5 Maces & Flails
 - Level 3.2 Armour
 + Level 8.7 Shields


You had 7 spell levels left.
You didn't know any spells.

Dungeon Overview and Level Annotations

Branches:
Dungeon (6/15)
 Temple: D:4-7

Altars:
Ashenzari
Cheibriados
Dithmenos
Gozag
Nemelex Xobeh
Ru
Trog
Vehumet
Yredelemnul
Zin
The Shining One


Innate Abilities, Weirdness & Mutations

You are resistant to torment.
Your stone body is resilient. (AC +5)
You are immune to poison.
You resist negative energy. (rN+)
You are resistant to electric shocks. (rElec)
You can survive without breathing.
You are immune to petrification.
You are immune to rotting.


Message History

The orc hits you but does no damage. The worker ant bites you.
You block the crimson imp's attack.
Your chain mail prevents you from hitting the crimson imp.
The crimson imp is severely wounded.
The orc hits you but does no damage. You block the worker ant's attack.
You block the orc's attack. The crimson imp barely misses you.
The orc priest invokes the aid of Beogh against you.
Beogh smites you! The orc hits you but does no damage.
You are too injured to fight recklessly!
You are too injured to fight recklessly!
You are too injured to fight recklessly!
You are too injured to fight recklessly!
You are too injured to fight recklessly!
You are too injured to fight recklessly!
The orc hits you with a morningstar.
* * * LOW HITPOINT WARNING * * *
The orc priest mumbles some strange prayers to Beogh against you.
Beogh smites you!
You die...
Your body disappears without a glow.

##+# #..#
#..# #..#
##..##
#....#
#)<..#
#...##
###@# #oa#
#..55o....+
#...o##..##
#....# ##
##...#
#...# ....#
.....#


You could see a worker ant, an orc priest, a crimson imp, a shadow imp and 2
orcs.

Vanquished Creatures
  An ice beast (D:5)
  A phantom (D:4)
  2 centaurs
  Blork the orc (D:4)
  A bullfrog (D:3)
  A scorpion (D:5)
  2 jellies (D:5)
  4 orc priests
  7 orc wizards
  3 bullfrog skeletons
  A centaur skeleton (D:5)
  3 worker ants
  A hound skeleton (D:4)
  7 gnolls
  10 adders
  An ooze (D:2)
  An adder zombie (D:5)
  2 worms (D:5)
  A dart slug (D:1)
  8 leopard geckos
  22 orcs
  4 giant cockroaches
  5 goblins
  12 hobgoblins
  2 ball pythons
  8 bats
  9 frilled lizards
  A giant cockroach zombie (D:5)
  11 kobolds
  8 rats
140 creatures vanquished.

Notes
Turn   | Place    | Note
-------+----------+-------------------------------------------
     0 | D:1      | Laiders the Gargoyle Fighter began the quest for the Orb.
     0 | D:1      | Reached XP level 1. HP: 14/14 MP: 1/1
   304 | D:1      | Reached XP level 2. HP: 18/19 MP: 2/2
   771 | D:2      | Reached XP level 3. HP: 23/23 MP: 3/3
   807 | D:2      | Reached skill level 4 in Shields
  1013 | D:2      | Reached XP level 4. HP: 18/28 MP: 4/4
  1697 | D:3      | Found a sacrificial altar of Ru.
  1754 | D:3      | Reached skill level 5 in Shields
  1754 | D:3      | Reached XP level 5. HP: 27/32 MP: 5/5
  1928 | D:3      | Found a shadowy altar of Dithmenos.
  1992 | D:3      | Reached XP level 6. HP: 37/37 MP: 6/6
  2186 | D:3      | Found a glowing silver altar of Zin.
  2638 | D:4      | Found a bloodstained altar of Trog.
  2723 | D:4      | Reached skill level 6 in Shields
  2729 | D:4      | Noticed a phantom
  2748 | D:4      | Killed a phantom
  2748 | D:4      | Reached skill level 5 in Maces & Flails
  2748 | D:4      | Reached XP level 7. HP: 39/41 MP: 7/7
  2806 | D:4      | Found a basalt altar of Yredelemnul.
  2809 | D:4      | Noticed a profane servitor
  2818 | D:4      | Found a glowing golden altar of the Shining One.
  2820 | D:4      | Noticed an angel
  3218 | D:4      | Found an opulent altar of Gozag.
  3319 | D:4      | Reached skill level 7 in Shields
  3346 | D:4      | Noticed Blork the orc
  3354 | D:4      | Killed Blork the orc
  3412 | D:4      | Found an opulent altar of Gozag.
  3413 | D:4      | Found a sparkling altar of Nemelex Xobeh.
  3422 | D:4      | Became a worshipper of Nemelex Xobeh the Trickster
  3469 | D:4      | Found a radiant altar of Vehumet.
  3469 | D:4      | Found a shattered altar of Ashenzari.
  3500 | D:5      | Entered Level 5 of the Dungeon
  3610 | D:5      | Reached XP level 8. HP: 42/46 MP: 8/8
  3635 | D:5      | Received a gift from Nemelex Xobeh
  3725 | D:5      | Reached skill level 8 in Shields
  4078 | D:5      | Found a snail-covered altar of Cheibriados.
  4396 | D:6      | Killed from afar by an orc priest

Vault maps used:
D:1:      dpeg_arrival_more_subterranean_lakeside_camping
D:3:      nicolae_ru_sacrificial_ziggurat, nicolae_overflow_hidden_temple,
          old_standard_altar, first_bread
D:4:      grunt_temple_overflow_holy_war, grunt_temple_overflow_opulence,
          kennysheep_mini, gammafunk_temple_overflow_elements,
          nicolae_gozag_cash_rules_everything_around_me, uniq_blork_the_orc
D:5:      kennysheep_mini_moat
D:6:      lemuel_blue_sif_altar, uniq_edmund

Skill      XL: |  1  2  3  4  5  6  7  8 |
---------------+-------------------------+-----
Shields        | 4 5 6 7 8 |  8.7
Maces & Flails | 3 4 5 6 7 |  7.5
Fighting       | |  3.2
Armour         | |  3.2

Action                   |  1- 3 |  4- 6 |  7- 9 || total
-------------------------+-------+-------+-------++-------
Melee: Flail             |   150 |   197 |   223 ||   570
  Use: Scroll            |     2 |     5 |     4 ||    11
  Eat: Chunk             |     1 |     6 |     5 ||    12
Armor: Scale mail        |   106 |   112 |    37 ||   255
       Chain mail        |       |       |    84 ||    84
Dodge: Dodged            |    67 |    62 |    60 ||   189
Block: Shield            |    78 |   113 |   149 ||   340

Table legend:
 A = Spawn XP
 B = Non-spawn XP
 C = Spawn XP percentage of total XP
 D = Spawn monster count
 E = Non-spawn monster count
 F = Spawn count percentage of total count
 G = Total turns spent on level
                    A         B        C        D         E        F      G
               +---------+---------+-------+---------+---------+-------+---------
         Total |       0 |    1969 |   0.0 |       0 |     140 |   0.0 |  4396
               +---------+---------+-------+---------+---------+-------+---------
           D:1 |       0 |      33 |   0.0 |       0 |      19 |   0.0 |   754
           D:2 |       0 |      89 |   0.0 |       0 |      26 |   0.0 |   810
           D:3 |       0 |     281 |   0.0 |       0 |      35 |   0.0 |   998
           D:4 |       0 |     616 |   0.0 |       0 |      24 |   0.0 |   982
           D:5 |       0 |     796 |   0.0 |       0 |      34 |   0.0 |   829
           D:6 |       0 |     154 |   0.0 |       0 |       2 |   0.0 |    23
               +---------+---------+-------+---------+---------+-------+---------
